 Dungeon Crawl Stone Soup version 0.23.2-1-ga50397a6bc (webtiles) character file.

Game seed: 7757465182233375483

14588 Kobolds4U the Fencer (level 11, -11/105 HPs)
             Began as a Minotaur Fighter on Apr 30, 2019.
             Was a Believer of Ashenzari.
             Killed from afar by an electric eel (12 damage)
             ... with a bolt of electricity
             ... on level 11 of the Dungeon.
             The game lasted 00:27:03 (11405 turns).

Kobolds4U the Fencer (Minotaur Fighter)            Turns: 11405, Time: 00:27:05

Health: -11/105    AC: 21    Str: 21    XL:     11   Next: 90%
Magic:  10/10      EV:  7    Int:  5    God:    Ashenzari [**....]
Gold:   582        SH:  0    Dex: 13    Spells: 10/10 levels left

rFire    . . .     SeeInvis .   a - +5 great sword (curse)
rCold    . . .     Gourm    .   (shield currently unavailable)
rNeg     . . .     Faith    .   D - +3 plate armour (curse)
rPois    .         Spirit   .   (helmet restricted)
rElec    .         Reflect  .   p - +2 cloak (curse)
rCorr    .         Harm     .   (no gloves)
MR       .....                  (no boots)
Stlth    ..........             s - amulet of rage
HPRegen  0.27/turn              A - ring of stealth
MPRegen  0.12/turn              z - ring of stealth

@: no status effects
A: retaliatory headbutt, horns 2
a: Curse Item, Scrying, Renounce Religion, Evoke Berserk Rage


You were on level 11 of the Dungeon.
You worshipped Ashenzari.
Ashenzari was pleased with you.
You were not hungry.

You visited 2 branches of the dungeon, and saw 12 of its levels.

You collected 582 gold pieces.

Inventory:

Hand Weapons
 a - a cursed +5 great sword (weapon)
 i - a +3 scimitar of flaming
 y - a +2 antimagic spear
 E - a +0 flail
Missiles
 F - 8 steel tomahawks (quivered)
Armour
 p - a cursed +2 cloak (worn)
 D - a cursed +3 plate armour (worn)
Jewellery
 s - an amulet of rage (around neck)
 z - a ring of stealth (right hand)
 A - a ring of stealth (left hand)
Wands
 u - a wand of digging (4)
 v - a wand of paralysis (6)
 C - a wand of acid (16)
Scrolls
 b - a scroll of remove curse
 c - 2 scrolls of enchant weapon
 h - a scroll of fog {unknown}
 j - a scroll of immolation
 k - 5 scrolls of teleportation
 l - 6 scrolls of magic mapping
 m - 2 scrolls of fear
 r - a scroll of blinking
 H - a scroll of torment {unknown}
 I - a scroll of amnesia
Potions
 d - 4 potions of might
 e - 2 potions of berserk rage
 g - 3 potions of haste
 n - 2 potions of curing
 q - 2 potions of heal wounds
 t - 3 potions of magic
 w - a potion of agility {unknown}
 x - a potion of cancellation {unknown}
 B - a potion of lignification {unknown}
Comestibles
 f - 19 rations
 J - 4 chunks of flesh


   Skills:
 + Level 12.4 Fighting
 * Level 15.9(18.4) Long Blades
 + Level 11.1 Armour
   Level 3.6 Shields


You had 10 spell levels left.
You didn't know any spells.
Your spell library contained the following spells:

 Spells                   Type           Power        Failure   Level  Hunger
 Summon Small Mammal      Summ           #...         100%        1    ##.....
 Call Imp                 Summ           #.......     100%        2    ###....
 Call Canine Familiar     Summ           #.......     100%        3    ####...
 Summon Guardian Golem    Hex/Summ       #.......     100%        3    ####...
 Summon Ice Beast         Ice/Summ       #.......     100%        4    #####..
 Summon Lightning Spire   Summ/Air       #.......     100%        4    #####..


Dungeon Overview and Level Annotations

Branches:
Dungeon (11/15)            Temple (1/1) D:4            Lair (0/6) D:10
    Orc (0/2) D:9

Altars:
Ashenzari
Cheibriados
Dithmenos
Elyvilon
Fedhas
Gozag
Hepliaklqana
Kikubaaqudgha
Makhleb
Nemelex Xobeh
Okawaru
Qazlal
Ru
Sif Muna
Trog
Uskayaw
Vehumet
Wu Jian
Xom
Yredelemnul
Zin
The Shining One

Shops:
D:9 %[(


Innate Abilities, Weirdness & Mutations

You reflexively headbutt those who attack you in melee.
You have a pair of horns on your head.


Message History

You barely miss the electric eel. Your headbutt misses the electric eel.
The electric eel shoots out a bolt of lightning at you!
The bolt of electricity hits you!
* * * LOW HITPOINT WARNING * * *
The bolt of electricity hits you!
* * * LOW HITPOINT WARNING * * *
The bolt of electricity hits the electric eel.
The electric eel completely resists.
The electric eel shoots out a bolt of lightning at you!
The bolt of electricity hits you.
* * * LOW HITPOINT WARNING * * *
Things that are here:
a manticore corpse; a hippogriff corpse The electric eel shoots out a bolt of lightning at you!
The bolt of electricity hits you!
* * * LOW HITPOINT WARNING * * *
The electric eel shoots out a bolt of lightning at you!
The bolt of electricity hits the electric eel.
The electric eel completely resists.
The bolt of electricity hits you!
You die...

#...........# #......... ,
,,#.......÷######.........
, #........#....#+######..
* #........# *#.....####..
* #........# #.....'.....
, ####........#
#.....###### ,≈
≈≈≈≈≈.≈≈≈####,*#.....# ≈
≈≈≈≈≈.≈≈≈####.##....## ≈
≈≈≈≈≈....†@...##....# ,
≈≈≈≈≈≈≈;;#######....#
≈≈≈≈≈≈≈≈≈# #....#
≈≈≈≈≈≈≈≈≈# #....#
≈≈≈≈≈≈≈≈≈# #....#
≈≈≈≈≈≈≈≈≈# #....#
≈≈≈≈≈≈≈≈≈# #....# * * ≈
≈≈≈≈≈≈≈≈≈#######.#### , ≈
#........#


You could see 2 electric eels.

Vanquished Creatures
  Erica (D:8)
  2 two-headed ogres
  Nergalle (D:10)
  Pikel (D:8)
  A manticore (D:11)
  An elephant (D:10)
  2 gargoyles
  A centaur skeleton (D:10)
  Grinder (D:4)
  4 hippogriffs
  Sigmund (D:3)
  A human (D:8)
  14 yaks
  Grum (D:8)
  3 hogs (D:8)
  2 hungry ghosts
  A soldier ant (D:10)
  5 orc warriors
  3 phantoms
  3 black bears (D:9)
  5 ice beasts
  3 sky beasts
  2 necrophages
  4 ogres
  3 wolves
  6 centaurs
  3 crocodiles (D:10)
  2 big kobolds
  Blork the orc (D:4)
  4 bullfrogs
  A gnoll sergeant (D:6)
  A water moccasin zombie (D:10)
  2 scorpions
  A water moccasin skeleton (D:9)
  4 killer bees (D:8)
  5 wights
  5 electric eels
  A howler monkey (D:11)
  3 crimson imps
  3 bullfrog zombies
  8 hounds
  7 orc priests
  A jelly (D:7)
  6 orc wizards
  2 bullfrog skeletons
  Ijyb (D:3)
  5 worker ants
  A hound skeleton (D:2)
  A worker ant zombie (D:10)
  A howler monkey zombie (D:8)
  Robin (D:2)
  18 gnolls
  15 adders
  2 shadow imps
  An adder zombie (D:7)
  2 adder skeletons
  4 worms
  A dart slug (D:1)
  4 leopard geckos
  33 orcs
  A ball python (D:3)
  4 bats
  A giant cockroach (D:2)
  14 goblins
  6 hobgoblins
  2 jackals (D:6)
  21 kobolds
  5 quokkas
  5 frilled lizards
  A jackal skeleton (D:4)
  A quokka skeleton (D:9)
  A quokka zombie (D:8)
  2 rats
  A plant (D:10)
287 creatures vanquished.

Vanquished Creatures (others)
  A bullfrog (D:8)
  A kobold (D:9)
2 creatures vanquished.

Grand Total: 289 creatures vanquished

Notes
Turn   | Place    | Note
-------+----------+-------------------------------------------
     0 | D:1      | Kobolds4U the Minotaur Fighter began the quest for the Orb.
     0 | D:1      | Reached XP level 1. HP: 19/19 MP: 0/0
   282 | D:1      | Reached skill level 3 in Long Blades
   340 | D:1      | Reached XP level 2. HP: 24/26 MP: 1/1
   594 | D:2      | Reached skill level 4 in Long Blades
   739 | D:2      | Reached XP level 3. HP: 31/31 MP: 2/2
   905 | D:2      | Noticed Robin
   914 | D:2      | Reached skill level 5 in Long Blades
   918 | D:2      | Killed Robin
   921 | D:2      | Reached XP level 4. HP: 23/39 MP: 3/3
  1047 | D:2      | Found a shadowy altar of Dithmenos.
  1552 | D:3      | Reached skill level 6 in Long Blades
  1560 | D:3      | Noticed Sigmund
  1569 | D:3      | Killed Sigmund
  1569 | D:3      | Reached skill level 7 in Long Blades
  1569 | D:3      | Reached XP level 5. HP: 44/45 MP: 4/4
  1621 | D:3      | Found a hide-covered altar of Uskayaw.
  1668 | D:3      | Reached XP level 6. HP: 48/52 MP: 5/5
  1739 | D:3      | Found a basalt altar of Yredelemnul.
  1808 | D:3      | Noticed Ijyb
  1819 | D:3      | Killed Ijyb
  1885 | D:3      | Paralysed by a kobold for 3 turns
  1889 | D:3      | Paralysed by a kobold for 4 turns
  2385 | D:4      | Found a staircase to the Ecumenical Temple.
  2394 | Temple   | Entered the Ecumenical Temple
  2443 | Temple   | Became a worshipper of Ashenzari the Shackled
  2456 | D:4      | Noticed Grinder
  2465 | D:4      | Killed Grinder
  2465 | D:4      | Reached skill level 5 in Fighting
  2465 | D:4      | Reached skill level 8 in Long Blades
  2505 | D:4      | Noticed Blork the orc
  2511 | D:4      | Killed Blork the orc
  2511 | D:4      | Reached XP level 7. HP: 50/61 MP: 6/6
  2954 | D:4      | Reached skill level 9 in Long Blades
  3449 | D:5      | Entered Level 5 of the Dungeon
  3531 | D:5      | Reached XP level 8. HP: 64/71 MP: 7/7
  3703 | D:5      | Reached skill level 10 in Long Blades
  4017 | D:5      | Reached skill level 5 in Armour
  4023 | D:5      | Found a burning altar of Makhleb.
  4830 | D:6      | Reached XP level 9. HP: 47/82 MP: 8/8
  5178 | D:6      | Reached skill level 11 in Long Blades
  5489 | D:7      | Found a radiant altar of Vehumet.
  5524 | D:7      | Reached * piety under Ashenzari
  5557 | D:7      | Found an ornate altar of the Wu Jian Council.
  5605 | D:7      | Found an ancient bone altar of Kikubaaqudgha.
  5623 | D:7      | Found a glowing silver altar of Zin.
  5659 | D:7      | Found a glowing golden altar of the Shining One.
  5667 | D:7      | Found a hazy altar of Hepliaklqana.
  5667 | D:7      | Found a sacrificial altar of Ru.
  6140 | D:8      | Reached skill level 12 in Long Blades
  6248 | D:8      | Noticed Pikel
  6262 | D:8      | Killed Pikel
  6324 | D:8      | Noticed Erica
  6334 | D:8      | Killed Erica
  6334 | D:8      | Reached skill level 10 in Fighting
  6334 | D:8      | Reached XP level 10. HP: 81/93 MP: 9/9
  6351 | D:8      | Noticed Grum
  6747 | D:8      | Killed Grum
  6777 | D:8      | Reached skill level 13 in Long Blades
  6880 | D:8      | Found a sparkling altar of Nemelex Xobeh.
  8269 | D:9      | Reached skill level 14 in Long Blades
  8533 | D:9      | Found Kiphil's Weapon Shoppe.
  8534 | D:9      | Found a staircase to the Orcish Mines.
  8537 | D:9      | Noticed a two-headed ogre
  8576 | D:9      | Killed a two-headed ogre
  8576 | D:9      | Reached XP level 11. HP: 102/102 MP: 10/10
  8644 | D:9      | Found Odimmeb's Armour Shoppe.
  8694 | D:9      | Found Relomiguma's Food Boutique.
  8728 | D:9      | Reached skill level 10 in Armour
  9066 | D:10     | Entered Level 10 of the Dungeon
  9110 | D:10     | Noticed Nergalle
  9121 | D:10     | Killed Nergalle
  9623 | D:10     | Found a staircase to the Lair.
  9634 | D:10     | Reached skill level 15 in Long Blades
  9910 | D:10     | Reached ** piety under Ashenzari
 10613 | D:10     | Noticed a two-headed ogre
 10620 | D:10     | Killed a two-headed ogre
 11405 | D:11     | HP: 1/105 [electric eel/bolt of electricity (10)]
 11405 | D:11     | Killed from afar by an electric eel

Skill      XL: |  1  2  3  4  5  6  7  8  9 10 11 |
---------------+----------------------------------+-----
Long Blades    | 3 4 5 7 8 9 10 12 14 15 | 15.9
Fighting       | 5 6 8 10 11 12 | 12.4
Armour         | 6 8 9 11 | 11.1
Shields        | |  3.6

Action                   |  1- 3 |  4- 6 |  7- 9 | 10-12 || total
-------------------------+-------+-------+-------+-------++-------
Melee: Long sword        |    59 |   100 |   196 |       ||   355
       Headbutt          |     9 |    17 |    72 |    72 ||   170
       Great sword       |       |       |   110 |   333 ||   443
Invok: Curse Item        |       |       |       |     3 ||     3
 Abil: Evoke Berserk Rag |       |       |     1 |     1 ||     2
  Use: Scroll            |       |       |    16 |     3 ||    19
       Potion            |       |       |       |     1 ||     1
  Eat: Chunk             |       |     4 |    11 |    21 ||    36
       Ration            |       |       |     1 |     1 ||     2
Armor: Scale mail        |    32 |    31 |    72 |       ||   135
       Plate armour      |       |       |    69 |   264 ||   333
Dodge: Dodged            |    12 |    19 |    87 |   127 ||   245
Block: Shield            |    21 |    32 |    93 |       ||   146
       Rpst.: Long sword |     2 |     4 |     9 |       ||    15
       Great sword       |       |       |    11 |    34 ||    45
